 Dungeon Crawl Stone Soup version 0.25-a0-1073-gf4359a17dd (webtiles) character file.

Game seed: 1762236243916127642, levelgen mode: deterministic

58 Lanoc the Ducker (level 4, 0/27 HPs)
             Began as a Kobold Gladiator on May 14, 2020.
             Succumbed to an adder's poison
             ... on level 4 of the Dungeon.
             The game lasted 00:02:22 (1671 turns).

Lanoc the Ducker (Kobold Gladiator)                 Turns: 1671, Time: 00:02:22

Health: 0/27       AC:  4    Str: 11    XL:     4   Next: 20%
Magic:  4/4        EV: 16    Int:  9    God:
Gold:   51         SH:  0    Dex: 17    Spells: 3/3 levels left

rFire    . . .     SeeInvis .   a - +0 war axe
rCold    . . .     Gourm    .   (shield restricted)
rNeg     . . .     Faith    .   b - +0 leather armour
rPois    .         Spirit   .   c - +0 helmet
rElec    .         Reflect  .   (no cloak)
rCorr    .         Harm     .   (no gloves)
MR       .....                  (no boots)
Stlth    +.........             (no amulet)
HPRegen  0.09/turn              (no ring)
MPRegen  0.09/turn              (no ring)

@: lethally poisoned (0 -> -6)
A: small, carnivore
a: no special abilities


You were on level 4 of the Dungeon.
You were completely stuffed.

You visited 1 branch of the dungeon, and saw 3 of its levels.

You collected 51 gold pieces.

Inventory:

Hand Weapons
 a - a +0 war axe (weapon)
Missiles
 d - 2 throwing nets (quivered)
 i - 13 sling bullets
 l - 11 poisoned darts
Armour
 b - a +0 leather armour (worn)
 c - a +0 helmet (worn)
Scrolls
 g - 2 scrolls of identify
 k - a scroll of fog
 n - a scroll of remove curse
Comestibles
 f - 2 rations


   Skills:
 + Level 2.9 Fighting
 * Level 3.2 Axes
 - Level 2.1 Throwing
 + Level 4.2 Dodging


You had 3 spell levels left.
You didn't know any spells.
Your spell library was empty.

Dungeon Overview and Level Annotations

Branches:
Dungeon (2/15)

Altars:


Innate Abilities, Weirdness & Mutations

You are small and have problems with some larger weapons.
You are carnivorous and can eat meat at any time.


Message History

The orc looks frightened!
The hound looks frightened!
The adder looks frightened! x2; It was a scroll of fear.
* * * LOW HITPOINT WARNING * * *
You feel sick.
Cornered, the adder turns to fight!
You barely miss the adder.
The adder is moderately wounded.
* * * LOW HITPOINT WARNING * * *
You feel sick. The adder closely misses you. The adder completely misses you.
You hit the adder.
The adder is moderately wounded.
The adder barely misses you. The adder bites you.
* * * LOW HITPOINT WARNING * * *
You closely miss the adder.
The adder is moderately wounded.
* * * LOW HITPOINT WARNING * * *
You feel sick. The gnoll misses you. The adder bites you but does no damage.
The gnoll misses you. The adder closely misses you.
You completely miss the adder.
The adder is moderately wounded.
You die...

##### #...# ..
#§§§# ..####
##§§§#
##.....###S@§§#
#.......#g§####
.......g§g##
).......§##
.........#
.........#
........g#
...$....##
.........###


You could see 2 gnolls and an adder.

Vanquished Creatures
  2 adders (D:2)
  An ooze (D:2)
  A leopard gecko (D:1)
  A giant cockroach (D:1)
  5 goblins
  A hobgoblin (D:1)
  3 jackals (D:1)
  5 kobolds
  9 bats (D:1)
  A frilled lizard (D:1)
  3 rats (D:1)
32 creatures vanquished.

Notes
Turn   | Place    | Note
-------+----------+-------------------------------------------
     0 | D:1      | Lanoc the Kobold Gladiator began the quest for the Orb.
     0 | D:1      | Reached XP level 1. HP: 12/12 MP: 1/1
   168 | D:1      | Reached XP level 2. HP: 17/18 MP: 2/2
   548 | D:1      | Reached XP level 3. HP: 22/22 MP: 3/3
   598 | D:1      | Reached skill level 4 in Dodging
  1382 | D:2      | Reached XP level 4. HP: 13/27 MP: 4/4
  1649 | D:2      | You fall into a shaft and drop 2 floors!
  1670 | D:4      | HP: 1/27 [poisoned by an adder]
  1671 | D:4      | Succumbed to an adder's poison

Illustrated notes

Levels and vault maps discovered:
D:1:      roderic_octagonal_star, layout_basic, chequers_serial_rivers_room_b
D:2:      layout_basic, chequers_temple_overflow_statue_of_worship
D:4:      layout_rooms, nemelex_xobeh_ov_fountains_minmay, first_ration,
          uniq_blork_the_orc, uniq_grinder

Skill      XL: |  1  2  3 |
---------------+----------+-----
Dodging        | 4 |  4.2
Axes           | 3 |  3.2
Fighting       | |  2.9
Throwing       | |  2.1

Action                   |  1- 3 |  4- 6 || total
-------------------------+-------+-------++-------
Melee: War axe           |   101 |    11 ||   112
Throw: Throwing net      |     2 |       ||     2
  Use: Scroll            |       |     3 ||     3
       Potion            |       |     2 ||     2
 Stab: Sleeping          |     4 |       ||     4
  Eat: Chunk             |    10 |     1 ||    11
Armor: Leather armour    |    24 |     6 ||    30
Dodge: Dodged            |   112 |    36 ||   148

Table legend:
 A = Non-vault XP
 B = Vault XP
 C = Vault XP percentage of total XP
 D = Non-vault monster count
 E = Vault monster count
 F = Vault count percentage of total count
                 A         B        C        D         E       F
            +---------+---------+-------+---------+---------+-------
      Total |      83 |       0 |   0.0 |      32 |       0 |   0.0
            +---------+---------+-------+---------+---------+-------
        D:1 |      45 |       0 |   0.0 |      27 |       0 |   0.0
        D:2 |      38 |       0 |   0.0 |       5 |       0 |   0.0
            +---------+---------+-------+---------+---------+-------
